 Dungeon Crawl Stone Soup version 0.30-a0-622-gddc90eaa04 (webtiles) character file.

Game seed: 12895617574588434454

8 elagabalus the Magician (level 2, 7/21 HPs)
             Began as a Djinni Venom Mage on Jan 10, 2023.
             Quit the game on level 1 of the Dungeon.
             The game lasted 00:05:20 (395 turns).

elagabalus the Magician (Djinni Venom Mage)          Turns: 395, Time: 00:05:20

Health: 7/21       AC:  2    Str:  7    XL:     2   Next: 15%
Gold:   45         EV: 12    Int: 16    God:
                   SH:  0    Dex: 13

rFire   + + +      SeeInvis .    e - staff of fire
rCold   x . .      Faith    .    (no shield)
rNeg    . . .      Spirit   .    a - +0 robe
rPois   ∞          Reflect  .    (no helmet)
rElec   .          Harm     .    (no cloak)
rCorr   .          Rampage  .    (no gloves)
Will    .....                    (boots unavailable)
Stlth   ++                       (no amulet)
HPRegen 0.23/turn                (no ring)
MPRegen 0.00/turn                (no ring)

@: flying
A: sickness immunity, fire resistance 2, cold vulnerability 1, float, innate
caster, HP casting, extra vitality 1
a: no special abilities


You were on level 1 of the Dungeon.
You visited 1 branch of the dungeon, and saw 1 of its levels.

You collected 45 gold pieces.

Inventory:

Armour
 a - a +0 robe (worn)
Magical Staves
 e - a staff of fire (weapon)
Scrolls
 c - a scroll of silence {unknown}
 d - a scroll of amnesia {unknown}
Potions
 b - a potion of magic
 f - a potion of attraction {unknown}
 g - a potion of resistance {unknown}
 h - a potion of berserk rage {unknown}
 i - a potion of curing {unknown}
 j - a potion of mutation {unknown}


   Skills:
 - Level 2.1 Dodging
 - Level 1.5 Stealth
 * Level 2.8 Spellcasting


You couldn't memorise any spells.
You knew the following spells:

 Your Spells              Type           Power      Damage    Failure   Level
a - Sting                 Tmut/Pois      44%        1d5       6%          1
b - Poisonous Vapours     Pois/Air       22%        N/A       9%          2
c - Mephitic Cloud        Conj/Pois/Air  11%        N/A       17%         3
d - Olgreb's Toxic Radia  Pois           11%        N/A       50%         4
Your spell library was empty.

Dungeon Overview and Level Annotations

Branches:
Dungeon (1/15)

Altars:

Annotations:
D:1 1 transporter


Innate Abilities, Weirdness & Mutations

You are immune to sickness and miasma.
You are immune to poison.
Your flesh is very heat resistant. (rF++)
You are vulnerable to cold. (rC-)
You float through the air rather than walking.
You learn spells naturally, not from books.
Your magical power is your life essence.
You have superior vitality. (+4 MHP)


Message History

The sting hits the endoplasm.
The endoplasm is poisoned.
The endoplasm is lightly wounded.
Aiming: Sting (safe; 6% risk of failure)
Press: ? - help, Q - select action, (/) - cycle Shift-Dir - straight line, f/p - endoplasm
Aim: an endoplasm (heavily wounded, poisoned, 98% to hit)
The sting hits the endoplasm but does no damage.
The endoplasm looks even sicker.
The endoplasm is heavily wounded.
The endoplasm freezes you.
You are frozen.
Aiming: Sting (safe; 6% risk of failure)
Press: ? - help, Q - select action, (/) - cycle Shift-Dir - straight line, f/p - endoplasm
Aim: an endoplasm (heavily wounded, very poisoned, 98% to hit)
The sting hits the endoplasm.
The endoplasm partially resists.
The endoplasm is severely wounded.
The endoplasm freezes you.
You are frozen.
You feel a terrible chill!
Aiming: Sting (safe; 6% risk of failure)
Press: ? - help, Q - select action, (/) - cycle Shift-Dir - straight line, f/p - endoplasm
Aim: an endoplasm (severely wounded, very poisoned, 98% to hit)
The sting hits the endoplasm.
The endoplasm partially resists.
You kill the endoplasm!
You have reached level 2!
Aiming: Sting (safe; 6% risk of failure)
Press: ? - help, Q - select action, (/) - cycle Shift-Dir - straight line, f - goblin
Aim: a goblin, wielding a +2 dagger of freezing (64% to hit)
The sting hits the goblin.
The goblin is poisoned.
You kill the goblin!
* * * LOW HITPOINT WARNING * * *
Aiming: Sting (safe; 6% risk of failure)
Press: ? - help, Q - select action, (/) - cycle Shift-Dir - straight line, f - you That beam is likely to hit you.
Continue anyway? [Y]es or [N]o only, please.
That beam is likely to hit you.
Continue anyway?
Okay, then.
Save game and exit?
Level annotation: 1 transporter Welcome back, elagabalus the Djinni Venom Mage.
Press ? for a list of commands and other information.
Are you sure you want to abandon this character and quit the game? (Confirm with "yes".)

...........# #.#..#
##.######..# #.#.## #.#
..# ##.#.# #.#
..####....###### #.# #
#.##...........# #.# .#
#....#....##.#.# #.##.#
#.....####.# # #.#.#
#.......###.##.#.#
#..###.......).@.....^.#
###.#.# ......##.###.###
# ##.# ..... #..# #
#####.## #... ##$#
.......# #.# ..
####.......# .## #
#.......... .#
##.######## ## #.#


There were no monsters in sight!

Vanquished Creatures
  2 endoplasms (D:1)
  A goblin (D:1)
  A kobold (D:1)
  A bat (D:1)
  3 rats (D:1)
8 creatures vanquished.

Notes
Turn   | Place    | Note
-------+----------+-------------------------------------------
     0 | D:1      | elagabalus the Djinni Venom Mage began the quest for the
                  | Orb.
     0 | D:1      | elagabalus set off with the following spells memorised:
                  | Sting, Poisonous Vapours, Mephitic Cloud, Olgreb's Toxic
                  | Radiance.
     0 | D:1      | Reached XP level 1. HP: 15/15 MP: 0/0
   394 | D:1      | Reached XP level 2. HP: 7/21 MP: 0/0
   395 | D:1      | Quit the game

Illustrated notes

Levels and vault maps discovered:
D:1:      spicycebolla_arrival_risky_transporter, layout_loops_ring

Action                   || total
-------------------------++-------
 Cast: Sting             ||    15

Table legend: (Time is in decaauts)
 A = Elapsed time spent in this place.
 B = Non-inter-level travel time spent in this place.
 C = Inter-level travel time spent in this place.
 D = Time resting spent in this place.
 E = Time spent auto-exploring this place.
 F = Levels seen in this place.
 G = Mean time per level.
                   A        B        C        D        E       F      G
               +--------+--------+--------+--------+--------+-----+--------+
         Total |    394 |     65 |    329 |      0 |      0 |   1 |  394.0 |
       Dungeon |    394 |     65 |    329 |      0 |      0 |   1 |  394.0 |
               +--------+--------+--------+--------+--------+-----+--------+

Top non-repeatable levels by time:
     D:1: 394 daAuts
